 Dungeon Crawl Stone Soup version 0.22-a0-274-gf8199ec (console) character file.

525 Duffy the Caller (level 7, -2/40 HPs)
             Began as a Deep Elf Summoner on Mar 14, 2018.
             Slain by an orc priest
             ... wielding a +0 mace
              (3 damage)
             ... on level 4 of the Dungeon.
             The game lasted 00:08:57 (4774 turns).

Duffy the Caller (Deep Elf Summoner)                Turns: 4774, Time: 00:08:58

Health: -2/40      AC:  4    Str:  5    XL:     7   Next: 2%
Magic:  7/16       EV: 13    Int: 22    God:
Gold:   148        SH:  0    Dex: 15    Spells: 2/16 levels left

rFire    . . .     SeeInvis .   y - +0 war axe (elec)
rCold    . . .     Gourm    .   (no shield)
rNeg     . . .     Faith    .   a - +0 robe
rPois    .         Spirit   .   o - +0 helmet
rElec    .         Reflect  .   (no cloak)
rCorr    .         Harm     .   C - +0 pair of gloves
MR       .....                  (no boots)
Stlth    ++........             (no amulet)
HPRegen  0.13/turn              (no ring)
MPRegen  0.15/turn              (no ring)

@: no status effects
A: no striking features
a: no special abilities


You were on level 4 of the Dungeon.
You were not hungry.

You visited 1 branch of the dungeon, and saw 6 of its levels.
You also visited: Ossuary.

You collected 148 gold pieces.

Inventory:

Hand Weapons
 b - a +2 mace of venom
 y - a +0 war axe of electrocution (weapon)
Armour
 a - a +0 robe (worn)
 o - a +0 helmet (worn)
 C - a +0 pair of gloves (worn)
Jewellery
 q - an uncursed ring of fire
 D - an uncursed ring of ice
Wands
 n - a wand of enslavement (22)
Scrolls
 d - 2 scrolls of blinking {unknown}
 e - 2 scrolls of remove curse {unknown}
 h - 4 scrolls of teleportation {unknown}
 i - 5 scrolls of identify {unknown}
 k - 3 scrolls of enchant weapon {unknown}
 m - 3 scrolls of enchant armour {unknown}
 r - 2 scrolls of immolation {unknown}
 u - 4 scrolls of random uselessness {unknown}
 v - a scroll of acquirement {unknown}
 B - 2 scrolls of magic mapping {unknown}
Potions
 f - 4 potions of mutation {unknown}
 g - a potion of lignification {unknown}
 j - 5 potions of degeneration {unknown}
 l - 2 potions of brilliance {unknown}
 p - 3 potions of heal wounds {unknown}
 s - a potion of ambrosia {unknown}
 t - a potion of invisibility {unknown}
 w - 2 potions of curing {unknown}
 x - a potion of cancellation {unknown}
 z - a potion of flight {unknown}
Comestibles
 c - 9 rations
 A - 2 chunks of flesh


   Skills:
 - Level 2.5 Fighting
 - Level 2.4 Dodging
 - Level 2.4 Stealth
 + Level 5.2 Spellcasting
 * Level 6.8 Summonings
 + Level 1.7 Ice Magic
 + Level 2.0 Air Magic


You had 2 spell levels left.
You knew the following spells:

 Your Spells              Type           Power        Failure   Level  Hunger
a - Summon Small Mammal   Summ           ####         1%          1    None
h - Call Imp              Summ           #####...     1%          2    None
j - Call Canine Familiar  Summ           #####...     1%          3    ##.....
k - Summon Ice Beast      Ice/Summ       ###.....     17%         4    ####...
l - Summon Lightning Spi  Summ/Air       ####....     16%         4    ####...


Dungeon Overview and Level Annotations

Branches:
Dungeon (6/15)
 Temple: D:4-7

Altars:
Ashenzari
Cheibriados
Hepliaklqana


Message History

You barely miss the orc priest.
The orc priest hits you but does no damage.
Your ice beast disappears in a puff of smoke!
Your hound disappears in a puff of smoke!
The orc priest mumbles some strange prayers to Beogh against you.
Beogh smites you!
Your magical contamination has completely faded away.
You hit the orc priest.
The orc priest is heavily wounded.
The orc priest mumbles some strange prayers to Beogh against you.
Beogh smites you!
The orc priest mumbles some strange prayers to Beogh against you.
Beogh smites you!
You closely miss the orc priest.
The orc priest is heavily wounded.
The orc priest hits you with a mace.
You barely miss the orc priest.
The orc priest is heavily wounded.
The orc priest hits you with a mace.
You die...

#~~~~~# #.......
#~~.~~#######...##
#~~~~~..##........
#.~~~.#.##........
####...##.##........
#.....## .........#.
#.###.# ####.....#.
##.###.###.#
#........
........o@#h#
#..)#####
.##.###.#.#0# #...#
#.#.)%# #...#
#.....# #. ####.## #
#...o...# .
#.####... #..#.
...###


You could see an orc priest.

Vanquished Creatures
  A centaur zombie (Ossuary)
  A crimson imp (D:6)
  A hound (D:4)
  A worker ant (D:4)
  A gnoll (D:1)
  2 oozes
  2 adder skeletons
  A worm (D:3)
  3 dart slugs
  2 leopard geckos
  6 giant cockroaches
  5 goblins
  A hobgoblin (D:2)
  A jackal (D:1)
  3 quokkas
  A ball python (D:1)
  5 bats
  6 frilled lizards
  2 gnoll zombies (Ossuary)
  5 kobolds
  A kobold zombie (Ossuary)
  A leopard gecko skeleton (D:4)
  2 orc zombies (Ossuary)
  6 rats
60 creatures vanquished.

Vanquished Creatures (collateral kills)
  An orc warrior (D:6)
  An ogre (D:4)
  A centaur (D:6)
  A bullfrog (D:6)
  A human zombie (Ossuary)
  2 iguanas (D:6)
  3 orc wizards
  3 worker ants
  3 mummies (Ossuary)
  An adder (D:2)
  An ooze (D:1)
  2 worms
  A leopard gecko (D:2)
  9 orcs
  A giant cockroach (D:1)
  A goblin (D:1)
  2 jackals (D:1)
  An orc zombie (Ossuary)
  2 rats (D:1)
37 creatures vanquished.

Grand Total: 97 creatures vanquished

Notes
Turn   | Place    | Note
-------+----------+-------------------------------------------
     0 | D:1      | Duffy the Deep Elf Summoner began the quest for the Orb.
     0 | D:1      | Reached XP level 1. HP: 10/10 MP: 6/6
     2 | D:1      | Found a runed door.
   137 | D:1      | Reached skill level 1 in Fighting
   137 | D:1      | Reached XP level 2. HP: 13/16 MP: 8/8
   507 | D:1      | Learned a level 2 spell: Call Imp
   930 | D:1      | Reached XP level 3. HP: 14/21 MP: 1/9
  1060 | D:1      | Learned a level 3 spell: Call Canine Familiar
  1565 | D:2      | Found a shattered altar of Ashenzari.
  2103 | D:3      | Reached XP level 4. HP: 17/27 MP: 7/10
  2645 | D:3      | You fall through a shaft for 3 floors!
  2726 | D:6      | Reached skill level 5 in Summonings
  2746 | D:6      | Found a hazy altar of Hepliaklqana.
  2768 | D:6      | Reached XP level 5. HP: 30/31 MP: 6/13
  2809 | D:6      | Noticed a centaur
  2938 | D:6      | Learned a level 4 spell: Summon Lightning Spire
  2953 | D:6      | Noticed an orc warrior
  3060 | D:6      | Found a sand-covered staircase.
  3065 | Ossuary  | Entered an ossuary
  3192 | Ossuary  | Reached skill level 6 in Summonings
  3615 | Ossuary  | Reached XP level 6. HP: 36/36 MP: 7/15
  3687 | Ossuary  | Learned a level 4 spell: Summon Ice Beast
  3716 | D:6      | Killed an orc warrior
  3716 | D:6      | Reached skill level 1 in Air Magic
  3997 | D:5      | Entered Level 5 of the Dungeon
  4030 | D:5      | Reached skill level 1 in Ice Magic
  4175 | D:4      | Reached skill level 5 in Spellcasting
  4703 | D:4      | Found a snail-covered altar of Cheibriados.
  4743 | D:4      | Reached XP level 7. HP: 36/40 MP: 2/16
  4773 | D:4      | HP: 1/40 [orc priest/mace (5)]
  4774 | D:4      | Slain by an orc priest

Vault maps used:
D:1:      dpeg_arrival_caged_fury, serial_glass, glass_columns_a,
          glass_columns_a
D:2:      nicolae_ashenzari_panopticon
D:3:      first_ration, minivault_19
D:4:      kennysheep_slug_shrine, kennysheep_mini
D:5:      minmay_diamond_boxcup, chequers_temple_overflow_minitemple,
          corexii_corridor_pit
D:6:      enter_ossuary_5, minmay_misc_feat_iff, minmay_misc_feat_secret_circle,
          hangedman_feature_mirror, nicolae_dithmenos_the_darkroom
Ossuary:  ossuary_crypta

Skill      XL: |  1  2  3  4  5  6 |
---------------+-------------------+-----
Fighting       | 1 2 |  2.5
Summonings     | 5 6 |  6.8
Spellcasting   | 4 5 |  5.2
Air Magic      | 2 |  2.0
Ice Magic      | 1 |  1.7
Dodging        | |  2.4
Stealth        | |  2.4

Action                   |  1- 3 |  4- 6 |  7- 9 || total
-------------------------+-------+-------+-------++-------
Melee: Mace              |    85 |    72 |       ||   157
       War axe           |       |    18 |     4 ||    22
 Cast: Call Imp          |    11 |    14 |       ||    25
       Call Canine Famil |       |    10 |       ||    10
       Summon Lightning  |       |     9 |       ||     9
       Summon Ice Beast  |       |     6 |       ||     6
 Stab: Sleeping          |     4 |     4 |       ||     8
  Eat: Chunk             |     4 |     8 |     1 ||    13
       Ration            |       |     1 |       ||     1
Armor: Robe              |    15 |    16 |     1 ||    32
Dodge: Dodged            |    64 |    63 |     1 ||   128

Table legend:
 A = Spawn XP
 B = Non-spawn XP
 C = Spawn XP percentage of total XP
 D = Spawn monster count
 E = Non-spawn monster count
 F = Spawn count percentage of total count
 G = Total turns spent on level
                    A         B        C        D         E        F      G
               +---------+---------+-------+---------+---------+-------+---------
         Total |       0 |     750 |   0.0 |       0 |      97 |   0.0 |  4774
               +---------+---------+-------+---------+---------+-------+---------
           D:1 |       0 |      63 |   0.0 |       0 |      31 |   0.0 |  1065
           D:2 |       0 |      27 |   0.0 |       0 |      14 |   0.0 |   871
           D:3 |       0 |      32 |   0.0 |       0 |      10 |   0.0 |   763
           D:4 |       0 |     221 |   0.0 |       0 |      17 |   0.0 |   562
           D:5 |       0 |      24 |   0.0 |       0 |       2 |   0.0 |   161
           D:6 |       0 |     295 |   0.0 |       0 |      12 |   0.0 |   729
       Ossuary |       0 |      88 |   0.0 |       0 |      11 |   0.0 |   623
               +---------+---------+-------+---------+---------+-------+---------
